 Dungeon Crawl Stone Soup version 0.31-a0-960-g0fca184906 (webtiles) character file.

Game seed: 2846847450269757654

162 Dirtsage the Insei (level 5, -3/34 HPs)
             Began as an Octopode Shapeshifter on Oct 22, 2023.
             Killed from afar by an electric eel (6 damage)
             ... with a bolt of electricity
             ... on level 6 of the Dungeon.
             The game lasted 00:02:25 (1750 turns).

Dirtsage the Insei (Octopode Shapeshifter)          Turns: 1750, Time: 00:02:25

Health: -3/34      AC:  5    Str: 13    XL:     5   Next: 43%
Magic:  5/5        EV: 13    Int: 13    God:
Gold:   104        SH:  0    Dex: 13    Spells: 4/4 levels left

rFire   . .          .
                       - Unarmed
rCold   . . .        (no shield)
rNeg    . . .        (helmet currently unavailable)
rPois   .            (no amulet)
rElec   .            l - +4 ring of protection
rCorr   .            (no ring)
SInv    .            (no ring)
Will    .....        (no ring)
Stlth   +++          (no ring)
HPRegen 0.25/turn    (no ring)
MPRegen 0.09/turn    (no ring)
                     (no ring)

%: no passive effects
@: beast-form
A: beast (slay +2), almost no armour, amphibious, 8 rings, camouflage 1,
gelatinous body 1, nimble swimmer 1, tentacles
a: Begin Untransformation


You were on level 6 of the Dungeon.
You were a hulking beast.
You visited 1 branch of the dungeon, and saw 4 of its levels.

You collected 104 gold pieces.

Inventory:

Jewellery
 k - a ring of fire
 l - a +4 ring of protection (left tentacle)
Talismans
 b - a beast talisman
 c - a flux talisman
Scrolls
 d - a scroll of enchant armour
 i - a scroll of amnesia {unknown}
Potions
 a - a potion of lignification
 e - 2 potions of enlightenment
 f - a potion of might {unknown}
 g - 3 potions of brilliance
 h - 2 potions of berserk rage
 j - a potion of curing {unknown}
 m - a potion of haste {unknown}


   Skills:
 + Level 2.2 Fighting
 - Level 2.0 Dodging
 * Level 4.4 Unarmed Combat
 * Level 4.2 Shapeshifting


You had 4 spell levels left.
You didn't know any spells.
Your spell library was empty.

Dungeon Overview and Level Annotations

Branches:
Dungeon (3/15)

Altars:
Qazlal

Shops:
D:1 [


Innate Abilities, Weirdness & Mutations

You are a hulking beast.
Your limbs bulge with bestial killing power. (Slay +2)
You cannot wear most types of armour.
You are amphibious.
You can wear up to eight rings at the same time.
Your skin changes colour to match your surroundings (Stealth+).
Your rubbery body absorbs attacks. (AC +1, EV +1)
You are camouflaged when in or above water. (Stealth+)
You have tentacles for arms and can constrict up to eight enemies at once.


Message History

The water moccasin bites you but does no damage.
You tentacle-slap the water moccasin. You grab the water moccasin.
You squeeze the water moccasin.
The water moccasin is heavily wounded.
You constrict the water moccasin. The water moccasin barely misses you.
You bludgeon the water moccasin!
The water moccasin is severely wounded.
You constrict the water moccasin, but do no damage.
The water moccasin misses you.
You tentacle-slap the water moccasin.
The water moccasin is almost dead.
You constrict the water moccasin.
You kill the water moccasin!
Your Fighting skill increases to level 2!
Your Unarmed Combat skill increases to level 4!
Your Shapeshifting skill increases to level 4!
You have reached level 4!
You have reached level 5!
You feel clever.
Health restored: 34; MP restored: 5 You see here a water moccasin corpse.
An electric eel comes into view.
You enter the shallow water.
An electric eel comes into view.
An orc comes into view. It is wielding a +0 short sword.
The electric eel shoots out a bolt of lightning at you!
The bolt of electricity hits you!
You hear an angry hiss.
You take 12 damage, and have 22/34 hp.
MASSIVE DAMAGE!!
The electric eel shoots out a bolt of lightning at you!
The bolt of electricity hits you!
The electric eel shoots out a bolt of lightning at you!
The bolt of electricity hits you!
* * * LOW HITPOINT WARNING * * *
An iguana comes into view.
You hear a shout!
You take 19 damage, and have 3/34 hp.
MASSIVE DAMAGE!!
The electric eel shoots out a bolt of lightning at you!
The bolt of electricity hits you.
You die...

.###....##..#.. ....
.........#.... ....#
#........#...# ......
#........#...# ......
#........#...# ......
#........#...####......
##.......†.............
#.........###~..~###..
..........#...#h~#...#
..........#.⌠.#≈≈# ⌠.#
....##..#.#...#≈≈# .#
##.. ####..###~~≈≈# ..
#. #....~≈≈≈≈≈.. . .
#....≈≈≈≈≈~...$
#..###~S≈≈###.. #.
l#≈≈#. . # .#≈≈#.⌠


You could see an iguana and an electric eel.

Vanquished Creatures
  A water moccasin (D:6)
  A worm (D:2)
  2 dart slugs
  5 ball pythons
  6 bats
  5 endoplasms
  2 giant cockroaches
  4 hobgoblins
  A kobold (D:2)
  5 frilled lizards
  9 goblins
  6 rats
47 creatures vanquished.

Notes
Turn   | Place    | Note
-------+----------+-------------------------------------------
     0 | D:1      | Dirtsage the Octopode Shapeshifter began the quest for the
                  | Orb.
     0 | D:1      | Reached XP level 1. HP: 13/13 MP: 1/1
   213 | D:1      | Reached XP level 2. HP: 14/18 MP: 2/2
   437 | D:1      | Noticed an animated gold dragon scales
   440 | D:1      | Found Usezoruova's Armour Boutique.
   443 | D:1      | Noticed an animated gold dragon scales
   672 | D:1      | Reached XP level 3. HP: 23/23 MP: 3/3
   841 | D:2      | Found a stormy altar of Qazlal.
  1720 | D:3      | You fall into a shaft and drop 3 floors!
  1733 | D:6      | Noticed a water moccasin
  1737 | D:6      | Killed a water moccasin
  1738 | D:6      | Reached XP level 4. HP: 29/29 MP: 4/4
  1738 | D:6      | Reached XP level 5. HP: 34/34 MP: 5/5
  1750 | D:6      | Killed from afar by an electric eel

Illustrated notes

Levels and vault maps discovered:
D:1:      matt_arrival_refuge, layout_loops_ring, serial_shops,
          nicolae_shop_mannequins
D:2:      layout_loops_corners, basic_altar
D:3:      layout_basic, minmay_diced_spiral
D:6:      layout_gridville, nicolae_uskayaw_dance_hall,
          minmay_temple_entry_overgrown, lightli_sewer_entry_pipes,
          fountainhead, hangedman_abyss_or_decor_stabs

Skill      XL: |  1  2  3 |
---------------+----------+-----
Fighting       | 2 |  2.2
Unarmed Combat | 4 |  4.4
Shapeshifting  | 4 |  4.2
Dodging        | |  2.0

Action                     |  1- 3 |  4- 6 || total
---------------------------+-------+-------++-------
  Melee: Unarmed           |    82 |       ||    82
         Constrict         |    20 |       ||    20
         Tentacles         |    15 |       ||    15
         Punch             |     2 |       ||     2
    Use: Scroll            |     4 |       ||     4
   Stab: Sleeping          |     9 |       ||     9
 Armour: Skin              |    28 |     4 ||    32
  Dodge: Dodged            |    37 |       ||    37

Table legend: (Time is in decaauts)
 A = Elapsed time spent in this place.
 B = Non-inter-level travel time spent in this place.
 C = Inter-level travel time spent in this place.
 D = Time resting spent in this place.
 E = Time spent auto-exploring this place.
 F = Levels seen in this place.
 G = Mean time per level.
                   A        B        C        D        E       F      G
               +--------+--------+--------+--------+--------+-----+--------+
         Total |   1743 |   1688 |     55 |      0 |   1403 |   4 |  435.8 |
       Dungeon |   1743 |   1688 |     55 |      0 |   1403 |   4 |  435.8 |
               +--------+--------+--------+--------+--------+-----+--------+

Top non-repeatable levels by time:
     D:2: 886 daAuts
     D:1: 726 daAuts
     D:3: 100 daAuts
     D:6: 29 daAuts
